 Dungeon Crawl Stone Soup version 0.24.0-13-gcf9b319 (webtiles) character file.

Game seed: 10031598720151286667, levelgen mode: deterministic

113 Fang the Skirmisher (level 4, -2/29 HPs)
             Began as a Gargoyle Berserker on Nov 18, 2019.
             Was a Believer of Trog.
             Slain by a bullfrog (4 damage)
             ... on level 2 of the Dungeon.
             The game lasted 00:01:12 (1322 turns).

Fang the Skirmisher (Gargoyle Berserker)            Turns: 1322, Time: 00:01:12

Health: -2/29      AC:  5    Str: 25    XL:     4   Next: 96%
Magic:  4/4        EV: 12    Int:  8    God:    Trog [**....]
Gold:   101        SH:  0    Dex:  9    Spells: 3/3 levels left

rFire    . . .     SeeInvis .   a - +0 hand axe
rCold    . . .     Gourm    .   (no shield)
rNeg     + . .     Faith    .   b - +0 animal skin
rPois    ∞         Spirit   .   (no helmet)
rElec    +         Reflect  .   (no cloak)
rCorr    .         Harm     .   (no gloves)
MR       .....                  (no boots)
Stlth    +.........             (no amulet)
HPRegen  0.09/turn              d - +4 ring of strength
MPRegen  0.09/turn              (no ring)

@: berserk cooldown
A: negative energy resistance 1, electricity resistance, unbreathing,
petrification resistance, rot immunity, AC +3
a: Berserk, Trog's Hand, Renounce Religion


You were on level 2 of the Dungeon.
You worshipped Trog.
Trog was pleased with you.
You were not hungry.

You visited 1 branch of the dungeon, and saw 2 of its levels.

You collected 101 gold pieces.

Inventory:

Hand Weapons
 a - a +0 hand axe (weapon)
Armour
 b - a +0 animal skin (worn)
Jewellery
 d - a +4 ring of strength (left hand)
Scrolls
 f - 2 scrolls of identify {unknown}
 g - 3 scrolls of remove curse {unknown}
 h - 2 scrolls of teleportation {unknown}
 l - a scroll of amnesia {unknown}
 m - a scroll of magic mapping {unknown}
Potions
 e - a potion of heal wounds {unknown}
 i - a potion of mutation {unknown}
 k - a potion of curing {unknown}


   Skills:
 + Level 4.1 Fighting
 + Level 3.3 Axes
 + Level 3.2 Armour
 + Level 2.4 Dodging


You had 3 spell levels left.
You didn't know any spells.
Your spell library was empty.

Dungeon Overview and Level Annotations

Branches:
Dungeon (2/15)

Altars:


Innate Abilities, Weirdness & Mutations

You are resistant to torment.
Your stone body is resilient. (AC +3)
You are immune to poison.
You resist negative energy. (rN+)
You are resistant to electric shocks. (rElec)
You can survive without breathing.
You are immune to petrification.
You are immune to rotting.


Message History

The bullfrog is lightly wounded.
The bullfrog closely misses you.
You closely miss the bullfrog.
The bullfrog is lightly wounded.
The bullfrog closely misses you.
The bullfrog hits you but does no damage.
You closely miss the bullfrog.
The bullfrog is lightly wounded.
The bullfrog hits you.
* * * LOW HITPOINT WARNING * * *
The bullfrog hits you!
* * * LOW HITPOINT WARNING * * *
You barely miss the bullfrog.
The bullfrog is lightly wounded.
The bullfrog barely misses you. x2
You slash the bullfrog!
The bullfrog is heavily wounded.
The bullfrog hits you but does no damage.
The bullfrog hits you.
You die...

##.######.#######.....÷..
.........# #..##....
##...###[.## #..######
#...## #..# ##....## #..#
##......## #..#
#.#.#........###..#
#.................#
#>###@...#......# #.
#F#.....#.### #.######(##
#.# #.# #.# #.# #.# #.#
#.## #.# #..# #.# ##.#
#.#


You could see a bullfrog.

Vanquished Creatures
  Natasha (thrice) (D:2)
  An adder (D:2)
  A worm (D:2)
  3 bats (D:1)
  2 goblins
  A hobgoblin (D:1)
  5 jackals
  A frilled lizard (D:1)
  6 kobolds
  5 rats
28 creatures vanquished.

Notes
Turn   | Place    | Note
-------+----------+-------------------------------------------
     0 | D:1      | Fang the Gargoyle Berserker began the quest for the Orb.
     0 | D:1      | Reached XP level 1. HP: 14/14 MP: 1/1
    10 | D:1      | Noticed a bullfrog
   170 | D:1      | Reached XP level 2. HP: 19/19 MP: 2/2
   895 | D:2      | Reached XP level 3. HP: 8/24 MP: 3/3
  1091 | D:2      | Noticed Natasha
  1099 | D:2      | Killed Natasha
  1099 | D:2      | Reached XP level 4. HP: 19/29 MP: 4/4
  1154 | D:2      | Noticed Natasha
  1161 | D:2      | Killed Natasha
  1161 | D:2      | Reached ** piety under Trog
  1161 | D:2      | Reached skill level 4 in Fighting
  1272 | D:2      | Noticed Natasha
  1286 | D:2      | Killed Natasha
  1287 | D:2      | Noticed a bullfrog
  1319 | D:2      | HP: 1/29 [bullfrog (7)]
  1322 | D:2      | Slain by a bullfrog

Levels and vault maps discovered:
D:1:      evilmike_arrival_come_back, layout_loops_ring, chequers_arboretum
D:2:      layout_loops_ring, uniq_natasha

Skill      XL: |  1  2  3  4 |
---------------+-------------+-----
Axes           | 3 |  3.3
Dodging        | 2 |  2.4
Armour         | 3 |  3.2
Fighting       | 4 |  4.1

Action                   |  1- 3 |  4- 6 || total
-------------------------+-------+-------++-------
Melee: Hand axe          |    70 |    23 ||    93
Invok: Berserk           |     2 |     2 ||     4
       Trog's Hand       |       |     2 ||     2
  Eat: Chunk             |     1 |     2 ||     3
       Ration            |       |     1 ||     1
Armor: Animal skin       |    21 |    13 ||    34
Dodge: Dodged            |    56 |    35 ||    91
